 Dungeon Crawl Stone Soup version 0.30-a0-222-ge547ba4400 (webtiles) character file.

Game seed: 2392354127411507988

1302 Decritt the Trooper (level 8, 0/73 HPs)
             Began as a Minotaur Fighter on Oct 8, 2022.
             Was an Initiate of Qazlal.
             Slain by Prince Ribbit (15 damage)
             ... on level 5 of the Dungeon.
             The game lasted 00:08:21 (3877 turns).

Decritt the Trooper (Minotaur Fighter)              Turns: 3877, Time: 00:08:22

Health: 0/73       AC: 11    Str: 23    XL:     8   Next: 31%
Magic:  7/7        EV:  9    Int:  5    God:    Qazlal [......]
Gold:   207        SH:  5    Dex: 10    Spells: 7/7 levels left

rFire   . . .      SeeInvis .    a - +0 war axe
rCold   . . .      Faith    .    c - +0 buckler
rNeg    . . .      Spirit   .    b - +0 scale mail
rPois   .          Reflect  .    (helmet restricted)
rElec   .          Harm     .    (no cloak)
rCorr   .          Rampage  .    m - +2 pair of gloves
Will    .....                    (no boots)
Stlth   ..........               (no amulet)
HPRegen 0.32/turn                (no ring)
MPRegen 0.10/turn                (no ring)

@: on berserk cooldown, slowed, very slow
A: horns 2, retaliatory headbutt
a: Renounce Religion


You were on level 5 of the Dungeon.
You worshipped Qazlal.
Qazlal was noncommittal.
You visited 2 branches of the dungeon, and saw 6 of its levels.

You collected 281 gold pieces.
You spent 74 gold pieces at shops.

Inventory:

Hand Weapons
 a - a +0 war axe (weapon)
Armour
 b - a +0 scale mail (worn)
 c - a +0 buckler (worn)
 l - a +0 pair of gloves
 m - a +2 pair of gloves (worn)
Jewellery
 q - an amulet of faith
Wands
 n - a wand of acid (12)
 p - a wand of flame (12)
 t - a wand of digging (4)
Scrolls
 d - 3 scrolls of magic mapping
 g - a scroll of teleportation
 h - a scroll of torment
 j - a scroll of poison {unknown}
Potions
 e - 2 potions of mutation
 f - a potion of degeneration
 o - 2 potions of attraction
 v - a potion of flight


   Skills:
 + Level 7.1 Fighting
 + Level 6.5 Axes
 + Level 6.8 Armour
 + Level 0.9 Dodging
 + Level 6.8 Shields
 + Level 0.8 Invocations


You had 7 spell levels left.
You didn't know any spells.
Your spell library contained the following spells:

 Spells                   Type           Power      Damage    Failure   Level
 Sandblast                Erth           0%         2d4       83%         1
 Passwall                 Tmut/Erth      0%         N/A       93%         2
 Dazzling Flash           Conj/Hex       0%         N/A       99%         3
 Stone Arrow              Conj/Erth      0%         3d7       99%         3
 Iskenderun's Mystic Bla  Conj/Tloc      0%         2d3       100%        4
 Starburst                Conj/Fire      0%         6d3       100%        6


Dungeon Overview and Level Annotations

Branches:
Dungeon (5/15)             Temple (1/1) D:5

Altars:
Ashenzari
Cheibriados
Dithmenos
Elyvilon
Gozag
Hepliaklqana
Kikubaaqudgha
Makhleb
Nemelex Xobeh
Okawaru
Qazlal
Sif Muna
Trog
Uskayaw
Vehumet
Yredelemnul
Zin
The Shining One

Shops:
D:1 *

Annotations:
D:5 Prince Ribbit


Innate Abilities, Weirdness & Mutations

You have a pair of horns on your head.
You reflexively headbutt those who attack you in melee.


Message History

The orc warrior hits you with a +0 trident.
* * * LOW HITPOINT WARNING * * *
You hit the orc warrior but do no damage.
The orc warrior is moderately wounded.
The orc warrior hits you with a +0 trident.
* * * LOW HITPOINT WARNING * * *
You hit the orc warrior.
The orc warrior is heavily wounded.
The orc warrior hits you but does no damage.
You slash the orc warrior! You headbutt the orc warrior.
The orc warrior is almost dead.
The orc warrior barely misses you.
You closely miss the orc warrior. You headbutt the orc warrior.
You kill the orc warrior!
Qazlal accepts your kill.
Your Fighting skill increases to level 7!
Something hits you.
* * * LOW HITPOINT WARNING * * *
Things that are here:
a +0 trident; a +0 plate armour; an orc corpse You slash something!
Qazlal accepts your kill.
Reactivating autopickup.
You feel a bit more experienced.
Things that are here:
a +0 dagger; a +0 robe; an orc corpse You feel a strong urge to attack something.
You closely miss Prince Ribbit. You headbutt Prince Ribbit!
Prince Ribbit is severely wounded.
Prince Ribbit catches a centipede with his tongue.
Prince Ribbit barely misses you.
You barely miss Prince Ribbit.
Prince Ribbit is severely wounded.
Prince Ribbit barely misses you.
You miss Prince Ribbit.
Prince Ribbit is severely wounded.
You are no longer berserk.
You are exhausted.
You feel yourself slow down. Prince Ribbit hits you!
You die...

#.# ##...##
#.# #.#
##.....## #.#
#.####.......#
#.#
#............#
#(#
######.......#
#.#
............##
#)#
.##...##...##
#)#
.##...##..##
#)#
..........#
#@#
....>.....#
#F#
..........#
#.#
.##...##..#
#.#
.##...##..#
#.#
............
#.#
.......######
#.# #รท######
#.# ......#


You could see Prince Ribbit.

Vanquished Creatures
  Sigmund (D:4)
  The ghost of hotpinklipstick the Trooper, an amateur OpCK of Xom (D:4)
  An orc warrior (D:5)
  2 ogres
  4 scorpions
  3 hounds
  An orc priest (D:5)
  Ijyb (D:3)
  An iguana (D:5)
  Terence (D:3)
  4 orc wizards
  2 hound zombies (D:3)
  5 gnolls (D:4)
  4 adders
  2 white imps (D:5)
  An adder zombie (D:3)
  3 worms
  8 orcs
  6 bats
  5 endoplasms
  4 giant cockroaches
  7 goblins
  10 hobgoblins
  5 jackals
  3 quokkas
  8 ball pythons
  A frilled lizard (D:3)
  6 kobolds
  A quokka zombie (D:3)
  11 rats
  A spectral goblin (D:3)
113 creatures vanquished.

Notes
Turn   | Place    | Note
-------+----------+-------------------------------------------
     0 | D:1      | Decritt the Minotaur Fighter began the quest for the Orb.
     0 | D:1      | Reached XP level 1. HP: 19/19 MP: 0/0
   240 | D:1      | Reached XP level 2. HP: 27/27 MP: 1/1
   521 | D:1      | Reached skill level 4 in Fighting
   558 | D:1      | Found Wibbuk's Assorted Antiques.
   566 | D:1      | Bought a white potion for 17 gold pieces
   566 | D:1      | Bought a scroll labelled WACSARRUARU for 19 gold pieces
   566 | D:1      | Bought a scroll labelled DIBYME CIZUFRU for 19 gold pieces
   637 | D:1      | Reached XP level 3. HP: 33/33 MP: 2/2
   889 | D:1      | Bought a scroll labelled XOUVOI ZUIDUS for 19 gold pieces
  1346 | D:3      | Reached XP level 4. HP: 41/41 MP: 3/3
  1495 | D:3      | Found a basalt altar of Yredelemnul.
  1530 | D:3      | Noticed Ijyb
  1549 | D:3      | Killed Ijyb
  1550 | D:3      | Reached XP level 5. HP: 34/47 MP: 4/4
  1616 | D:3      | Found a shadowy altar of Dithmenos.
  1713 | D:3      | Noticed Terence
  1714 | D:3      | Found a faded altar of an unknown god.
  1725 | D:3      | Killed Terence
  1932 | D:3      | Found a radiant altar of Vehumet.
  2117 | D:3      | Reached skill level 5 in Fighting
  2118 | D:3      | Reached skill level 5 in Armour
  2118 | D:3      | Reached skill level 5 in Shields
  2122 | D:3      | Reached XP level 6. HP: 56/56 MP: 5/5
  2309 | D:4      | Found a white marble altar of Elyvilon.
  2375 | D:4      | Found a glowing golden altar of the Shining One.
  2454 | D:4      | Noticed Sigmund
  2458 | D:4      | Found a hazy altar of Hepliaklqana.
  2459 | D:4      | Killed Sigmund
  2460 | D:4      | Reached skill level 5 in Axes
  2551 | D:4      | Reached XP level 7. HP: 38/62 MP: 6/6
  2560 | D:4      | HP: 3/62 [gnoll/+0 spear (3)]
  2941 | D:4      | Reached skill level 6 in Fighting
  3272 | D:4      | Found a runed translucent door.
  3273 | D:4      | Noticed hotpinklipstick's ghost (amateur OpCK)
  3282 | D:4      | Killed hotpinklipstick's ghost
  3317 | D:5      | Entered Level 5 of the Dungeon
  3537 | D:5      | Reached XP level 8. HP: 50/71 MP: 7/7
  3558 | D:5      | Found a staircase to the Ecumenical Temple.
  3574 | Temple   | Entered the Ecumenical Temple
  3794 | Temple   | Became a worshipper of Qazlal Stormbringer
  3847 | D:5      | Noticed Prince Ribbit
  3871 | D:5      | Reached skill level 7 in Fighting
  3877 | D:5      | Slain by Prince Ribbit

Illustrated notes

Levels and vault maps discovered:
D:1:      spicycebolla_green_bress_n_ham, layout_basic, serial_glass,
          glass_columns_a, glass_columns_b, glass_columns_b, glass_columns_b,
          glass_columns_a, serial_shops, shop, st_stairs_11
D:2:      layout_rooms
D:3:      layout_basic, lemuel_doored_altar, nicolae_vehumet_radiance,
          nicolae_yredelemnul_corpse_copse,
          dreamdust_ecumenical_altar_drowned_temple, minmay_cupped, uniq_ijyb,
          uniq_terence
D:4:      layout_cave_pools, mainiacjoe_overflow_catwalk, tso_metal_star,
          old_standard_altar, ebering_ghost_reflecting_pool,
          cheibrodos_gnoll_hut, uniq_sigmund
D:5:      layout_loops_ring, nicolae_ru_path_of_blood,
          minmay_temple_entry_stoned_glass, uniq_prince_ribbit1, uniq_edmund
Temple:   nicolae_temple_no_exploring_needed

Skill      XL: |  1  2  3  4  5  6  7  8 |
---------------+-------------------------+-----
Axes           | 3 4 5 6 |  6.5
Armour         | 4 5 6 |  6.8
Fighting       | 4 5 6 7 |  7.1
Shields        | 4 5 6 |  6.8
Dodging        | |  0.9
Invocations    | |  0.8

Action                   |  1- 3 |  4- 6 |  7- 9 || total
-------------------------+-------+-------+-------++-------
Melee: War axe           |    79 |   110 |    80 ||   269
       Headbutt          |    12 |    11 |    14 ||    37
  Use: Scroll            |       |       |    11 ||    11
       Potion            |       |       |     4 ||     4
Armor: Scale mail        |    24 |    58 |    27 ||   109
Dodge: Dodged            |    28 |    49 |    38 ||   115
Block: Buckler           |    19 |    30 |    28 ||    77

Table legend: (Time is in decaauts)
 A = Elapsed time spent in this place.
 B = Non-inter-level travel time spent in this place.
 C = Inter-level travel time spent in this place.
 D = Time resting spent in this place.
 E = Time spent auto-exploring this place.
 F = Levels seen in this place.
 G = Mean time per level.
                   A        B        C        D        E       F      G
               +--------+--------+--------+--------+--------+-----+--------+
         Total |   3970 |   3776 |    194 |    417 |   2637 |   6 |  661.7 |
       Dungeon |   3742 |   3555 |    187 |    204 |   2637 |   5 |  748.4 |
        Temple |    227 |    220 |      7 |    213 |      0 |   1 |  227.0 |
               +--------+--------+--------+--------+--------+-----+--------+

Top non-repeatable levels by time:
     D:4: 1056 daAuts
     D:3: 1004 daAuts
     D:1: 908 daAuts
     D:2: 435 daAuts
     D:5: 338 daAuts
  Temple: 227 daAuts
